 Dungeon Crawl Stone Soup version 0.16.2-12-gd0ad4c3 (webtiles) character file.

36 SlimeFever the Stinger (level 3, -6/28 HPs)
             Began as a Naga Venom Mage on Oct 2, 2015.
             Mangled by a gnoll
             ... wielding a +0 flail
              (11 damage)
             ... on level 2 of the Dungeon.
             The game lasted 00:10:28 (650 turns).

SlimeFever the Stinger (Naga Venom Mage)             Turns: 650, Time: 00:10:28

Health: -6/28      AC:  3    Str: 10    XL:     3   Next: 37%
Magic:  0/6        EV:  9    Int: 16    God:
Gold:   46         SH:  0    Dex: 11    Spells: 1 memorised, 5 levels left

rFire  . . .     SeeInvis +     i - +0 whip
rCold  . . .     Clarity  .     e - +1 leather armour
rNeg   . . .     SustAb   .     (no shield)
rPois  +         Gourm    .     (no helmet)
rElec  .         Spirit   .     (no cloak)
rCorr  .         Warding  .     (no gloves)
rMut   .         Stasis   .     (no barding)
MR     .....                    (no amulet)
Stlth  ++........               (no ring)
                                (no ring)

@: short of breath, very slightly contaminated, very slow, not resistant to
hostile enchantments, unstealthy
A: spit poison, see invisible, deformed body, poison resistance, slowness 2, AC
+1
a: Spit Poison


You were on level 2 of the Dungeon.
You were not hungry.

You visited 1 branch of the dungeon, and saw 2 of its levels.

You collected 46 gold pieces.

Inventory:

Hand weapons
 h - a +0 dagger
 i - a +0 whip (weapon)
Missiles
 m - 15 arrows
Armour
 a - a +0 robe
 e - a +1 leather armour (worn)
Magical devices
 o - a wand of random effects (30)
Scrolls
 l - a scroll of remove curse {unknown}
Potions
 g - a potion of agility {unknown}
 n - a potion of curing
Books
 b - a Young Poisoner's Handbook

   Spells                             Type                      Level
   a - Sting                          Conjuration/Poison           1
   b - Cure Poison                    Poison                       2
   c - Mephitic Cloud                 Conjuration/Poison/Air       3
   d - Olgreb's Toxic Radiance        Poison                       4
   e - Venom Bolt                     Conjuration/Poison           5
Comestibles
 c - a bread ration
 d - a beef jerky
 f - a fruit


   Skills:
 + Level 0.2 Fighting
 + Level 0.7 Armour
 + Level 1.7 Dodging
 + Level 3.2 Stealth
 + Level 2.1 Spellcasting
 + Level 0.4 Conjurations
 + Level 6.0 Poison Magic


You had 5 spell levels left.
You knew the following spells:

 Your Spells              Type           Power        Failure   Level  Hunger
a - Sting                 Conj/Pois      ##..         10%         1    #......


Dungeon Overview and Level Annotations

Branches:
Dungeon (2/15)

Altars:


Innate Abilities, Weirdness & Mutations

You cannot wear boots.
You can spit poison.
Your serpentine skin is tough (AC +1).
You have supernaturally acute eyesight.
Armour fits poorly on your strangely shaped body.
Your system is resistant to poisons.
You cover ground very slowly.


Message History

Aiming: Sting
Press: ? - help, Shift-Dir - straight line, f - gnoll
Aim: a gnoll, wielding a flail (hasn't noticed you)
You miscast Sting.
You are very lightly contaminated with residual magic.
You feel faint for a moment.
Casting: Sting
Confirm with . or Enter, or press ? or * to list all spells.
Aiming: Sting
Press: ? - help, Shift-Dir - straight line, f/p - gnoll
Aim: a gnoll, wielding a flail The sting misses the gnoll.
The gnoll hits you with a flail!
* * * LOW HITPOINT WARNING * * *
Use which ability? (? or * to list)
Press: ? - help, Shift-Dir - straight line, f/p - gnoll
Aim: a gnoll, wielding a flail The splash of poison hits the gnoll.
The gnoll is poisoned.
The gnoll is heavily wounded.
You feel slightly more hungry. The gnoll hits you with a flail!
You die...

. .....#.# #..##
###.....#### #....
.....#..... #g.!#
#######.#....... #...#
#...[.......#... #.g.#
#.#####.....# ## #...# #.#
#####.#.## #...###.#######
#.#.##
#...g@........###†....
.........##.######.......##
#######.##.# ##########
#.##<# # #.##.# # #.##.# #
#.##.###############
#.##................
#.##################


You could see a gnoll.

Vanquished Creatures
  A gnoll (D:2)
  An adder (D:2)
  A giant cockroach (D:2)
  A hobgoblin (D:1)
  3 bats
  5 goblins
  6 kobolds
18 creatures vanquished.

Notes
Turn   | Place    | Note
--------------------------------------------------------------
     0 | D:1      | SlimeFever, the Naga Venom Mage, began the quest for the Orb.
     0 | D:1      | Reached XP level 1. HP: 15/15 MP: 3/3
   305 | D:1      | Reached XP level 2. HP: 16/22 MP: 2/4
   613 | D:2      | Reached XP level 3. HP: 16/28 MP: 1/6
   647 | D:2      | Reached skill level 6 in Poison Magic
   650 | D:2      | Mangled by a gnoll

Action                   || total
-------------------------++-------
Melee: Whip              ||    30
       Unarmed           ||     4
 Cast: Sting             ||    23
 Abil: Spit Poison       ||     4
  Use: Scroll            ||     3
       Potion            ||     1
